AoeStats
← AiM | Facu1414

African Clearing

504931581Analyzed
4v4 RM · 25d ago on Sep 7, 2026· 33m 26s· 8 players
Game mode
Random Map
Map size
Large (8 player)
Population
200
Speed
Normal
Resources
Standard
Victory
Conquest
Starting age
Dark Age
Ending age
Imperial Age
RankedLock teamsTeams togetherTeam positionsShared explorationLock speedFull tech treeHidden civsTurbo modeCheats
Victory
Defeat
🇦🇷 Jurchens · Argentina
1547
+12
🇦🇷 Gurjaras · Argentina
1503
+14
🇲🇽 Vietnamese · Mexico
1495
+14
🇦🇷 Khitans · Argentina
1479
+15
🇻🇳 Persians · Vietnam
1520
-16
🇺🇸 Hindustanis · United States
1506
-16
🇦🇷 Sicilians · Argentina
1410
-12
🇦🇺 Mongols · Australia
1375
-11
treehugger
3:43 Loom
13:43 Feudal Age
17:46 Castle Age
15:48 Double-Bit Axe
15:46 Horse Collar
18:48 Forging
20:26 Bow Saw
21:15 Husbandry
22:10 Wheelbarrow
22:54 Scale Barding Armor
24:05 Gold Mining
JessePinkman
4:19 Loom
13:53 Feudal Age
18:21 Castle Age
16:20 Double-Bit Axe
22:10 Town Watch
23:47 Husbandry
28:26 Bow Saw
31:53 Stone Mining
31:53 Gold Mining
31:49 Horse Collar
35:15 Imperial Age
32:59 Squires
quotes
12:46 Loom
14:32 Feudal Age
18:51 Castle Age
18:03 Double-Bit Axe
19:26 Fletching
20:08 Bodkin Arrow
29:38 Ballistics
timembh
9:13 Loom
12:01 Feudal Age
12:31 Double-Bit Axe
21:03 Town Watch
23:29 Castle Age
21:16 Horse Collar
24:51 Bow Saw
25:18 Wheelbarrow
24:46 Heavy Plow
29:55 Hand Cart
32:09 Town Watch
AIM | Agua cate 98
4:09 Loom
12:17 Feudal Age
12:47 Double-Bit Axe
14:16 Town Watch
14:54 Forging
17:24 Scale Barding Armor
20:30 Wheelbarrow
21:07 Domestication
25:39 Castle Age
26:14 Gold Mining
26:30 Husbandry
27:48 Iron Casting
27:22 Pastoralism
26:54 Light Cavalry
27:49 Town Patrol
30:25 Bow Saw
33:40 Chain Barding Armor
AiM | Facu1414
11:31 Loom
13:52 Feudal Age
14:46 Double-Bit Axe
17:37 Castle Age
15:47 Horse Collar
17:46 Scale Barding Armor
23:33 Husbandry
25:44 Chain Barding Armor
29:36 Bloodlines
DS_Kawakaze
7:42 Loom
11:56 Feudal Age
12:29 Double-Bit Axe
12:44 Horse Collar
17:10 Wheelbarrow
21:30 Castle Age
20:31 Gold Mining
22:27 Bow Saw
22:27 Town Watch
23:21 Squires
24:42 Scale Mail Armor
25:54 Chain Mail Armor
26:54 Forging
27:26 Hand Cart
28:50 Heavy Plow
30:29 Gold Shaft Mining
29:44 Stone Mining
34:36 Imperial Age
33:23 Ballistics
33:14 Masonry
32:45 Treadmill Crane
33:24 Scale Barding Armor
AiM | Fubuki Sinri
11:11 Loom
13:39 Feudal Age
19:08 Castle Age
17:30 Double-Bit Axe
24:17 Arson
29:52 Scale Mail Armor
32:31 Fletching
32:44 Horse Collar
33:25 Bodkin Arrow
Connection lost

Rejoining the realm…

Still unreachable

The connection could not be restored.

Session expired

The server has moved on; the page needs a fresh start.